3L
LAS VEGAS FLAMINGOS @ ROCKY MOUNTAIN NUGGETS
09/29/2025
 
TOP OF THE 1ST
Las Vegas Flamingos batting - Pitching for Rocky Mountain Nuggets : LHP Alfonso Zapata
Pitching: LHP Alfonso Zapata
Batting: RHB Sake van Arem 0-0: Called Strike
0-1: Swinging Strike
0-2: Foul Ball, location: 2F
0-2: Ball
1-2: Fly out, F3 (Line Drive, 34)
Batting: RHB Jeff Young 0-0: Ball
1-0: Called Strike
1-1: SINGLE (Line Drive, 6M)
Batting: LHB Roberto Salazar 0-0: Called Strike
0-1: Foul Ball, location: 2F
0-2: Ball
1-2: Foul Ball, location: 2F
1-2: Ball
2-2: Fly out, F7 (Flyball, 78M)
Batting: LHB Chris McKinney 0-0: Ball
1-0: Fly out, F7 (Flyball, 7D)
Top of the 1st over - 0 run(s), 1 hit(s), 0 error(s), 1 left on base; Las Vegas 0 - Rocky Mountain 0
BOTTOM OF THE 1ST
Rocky Mountain Nuggets batting - Pitching for Las Vegas Flamingos : RHP Melvin Haney
Pitching: RHP Melvin Haney
Batting: RHB Iván Vega 0-0: Ball
1-0: Foul Ball, location: 2F
1-1: Fly out, F6 (Line Drive, 6)
Batting: LHB Javier Sánchez 0-0: Ball
1-0: Ball
2-0: DOUBLE (Line Drive, 8RD)
Batting: RHB Andrés Rodríguez 0-0: Fly out, F9 (Flyball, 9S)
Batting: LHB Randy Bowen 0-0: Swinging Strike
0-1: Fly out, F7 (Flyball, 7LS)
Bottom of the 1st over - 0 run(s), 1 hit(s), 0 error(s), 1 left on base; Las Vegas 0 - Rocky Mountain 0
TOP OF THE 2ND
Las Vegas Flamingos batting - Pitching for Rocky Mountain Nuggets : LHP Alfonso Zapata
Batting: RHB John Aston 0-0: Called Strike
0-1: Ball
1-1: Ball
2-1: Ball
3-1: Fly out, F8 (Flyball, 8LS)
Batting: SHB Kunimichi Chikafuji 0-0: Ground out 6-3 (Groundball, 6)
Batting: RHB Xavier Hernández 0-0: Ball
1-0: Ground out 6-3 (Groundball, 6)
Top of the 2nd over - 0 run(s), 0 hit(s), 0 error(s), 0 left on base; Las Vegas 0 - Rocky Mountain 0
BOTTOM OF THE 2ND
Rocky Mountain Nuggets batting - Pitching for Las Vegas Flamingos : RHP Melvin Haney
Batting: RHB Paul Smith 0-0: Foul Ball, location: 2F
0-1: Foul Ball, location: 2F
0-2: Ball
1-2: SOLO HOME RUN (Flyball, 78XD), Distance : 412 ft
Batting: RHB Gary Chalmers 0-0: Ball
1-0: Called Strike
1-1: Foul Ball, location: 2F
1-2: Ground out 6-3 (Groundball, 6)
Batting: RHB Javier Martínez 0-0: Foul Ball, location: 2F
0-1: Swinging Strike
0-2: Ball
1-2: Foul Ball, location: 2F
1-2: Foul Ball, location: 2F
1-2: Ball
2-2: Strikes out looking
Batting: RHB Wes Shannon 0-0: Swinging Strike
0-1: Fly out, F5 (Line Drive, 5)
Bottom of the 2nd over - 1 run(s), 1 hit(s), 0 error(s), 0 left on base; Las Vegas 0 - Rocky Mountain 1
TOP OF THE 3RD
Las Vegas Flamingos batting - Pitching for Rocky Mountain Nuggets : LHP Alfonso Zapata
Batting: RHB Rob Thomason 0-0: Ball
1-0: Called Strike
1-1: Swinging Strike
1-2: Ball
2-2: SINGLE (Groundball, 6MD)
Batting: RHB Edmund Gallagher 0-0: Foul Ball, location: 2F
0-1: Ball
1-1: Ball
2-1: Grounds into double play, 5-4-3 (Groundball, 5L)
Batting: RHB Sake van Arem 0-0: Ball
1-0: Ball
2-0: Foul Ball, location: 2F
2-1: Ball
3-1: Ground out 5-3 (Groundball, 5L)
Top of the 3rd over - 0 run(s), 1 hit(s), 0 error(s), 0 left on base; Las Vegas 0 - Rocky Mountain 1
BOTTOM OF THE 3RD
Rocky Mountain Nuggets batting - Pitching for Las Vegas Flamingos : RHP Melvin Haney
Batting: RHB Mark Melton 0-0: Ball
1-0: Called Strike
1-1: Ball
2-1: Called Strike
2-2: Strikes out looking
Batting: RHB Iván Vega 0-0: Fly out, F8 (Flyball, 8LD)
Batting: LHB Javier Sánchez 0-0: Ball
1-0: Ball
2-0: Called Strike
2-1: Fly out, F8 (Flyball, 8LXD)
Bottom of the 3rd over - 0 run(s), 0 hit(s), 0 error(s), 0 left on base; Las Vegas 0 - Rocky Mountain 1
TOP OF THE 4TH
Las Vegas Flamingos batting - Pitching for Rocky Mountain Nuggets : LHP Alfonso Zapata
Batting: RHB Jeff Young 0-0: Ball
1-0: Called Strike
1-1: Called Strike
1-2: Strikes out looking
Batting: LHB Roberto Salazar 0-0: Swinging Strike
0-1: Foul Ball, location: 2F
0-2: Ball
1-2: Ball
2-2: Strikes out swinging
Batting: LHB Chris McKinney 0-0: Ball
1-0: Called Strike
1-1: Swinging Strike
1-2: Foul Ball, location: 2F
1-2: Ball
2-2: SINGLE (Groundball, 4MD)
Batting: RHB John Aston 0-0: Foul Ball, location: 2F
0-1: Ball
1-1: Ball
2-1: Fly out, F8 (Flyball, 78M)
Top of the 4th over - 0 run(s), 1 hit(s), 0 error(s), 1 left on base; Las Vegas 0 - Rocky Mountain 1
BOTTOM OF THE 4TH
Rocky Mountain Nuggets batting - Pitching for Las Vegas Flamingos : RHP Melvin Haney
Batting: RHB Andrés Rodríguez 0-0: Ball
1-0: Called Strike
1-1: DOUBLE (Line Drive, 7LM)
Batting: LHB Randy Bowen 0-0: Swinging Strike
0-1: Swinging Strike
0-2: Strikes out swinging
Batting: RHB Paul Smith 0-0: Called Strike
0-1: Ball
1-1: Ball
Passed Ball!
Andrés Rodríguez to third
2-1: Ball
3-1: Base on Balls
Batting: RHB Gary Chalmers 0-0: Ball
1-0: Called Strike
1-1: Fly out, F6 (Popup, 6MD)
Batting: RHB Javier Martínez 0-0: Foul Ball, location: 2F
0-1: Called Strike
0-2: Ball
1-2: SINGLE (Groundball, 6) (infield hit)
Andrés Rodríguez scores
Paul Smith to second
Batting: RHB Wes Shannon 0-0: Called Strike
0-1: Ball
1-1: Foul Ball, location: 2F
1-2: SINGLE (Popup, 34D)
Paul Smith to third
Javier Martínez to second
Runner from 3rd tries for Home, SAFE, throw made home
Batting: RHB Mark Melton 0-0: Called Strike
0-1: Swinging Strike
0-2: Ball
1-2: Ball
2-2: Ball
3-2: Base on Balls
Javier Martínez to third
Wes Shannon to second
Batting: RHB Iván Vega 0-0: Fly out, F8 (Flyball, 8LS)
Bottom of the 4th over - 2 run(s), 3 hit(s), 0 error(s), 3 left on base; Las Vegas 0 - Rocky Mountain 3
TOP OF THE 5TH
Las Vegas Flamingos batting - Pitching for Rocky Mountain Nuggets : LHP Alfonso Zapata
Batting: SHB Kunimichi Chikafuji 0-0: Ball
1-0: Ball
2-0: Foul Ball, location: 2F
2-1: Foul Ball, location: 2F
2-2: Foul Ball, location: 2F
2-2: Ball
3-2: Ground out 6-3 (Groundball, 6)
Batting: RHB Xavier Hernández 0-0: Foul Ball, location: 2F
0-1: Foul Ball, location: 2F
0-2: Strikes out swinging
Batting: RHB Rob Thomason 0-0: Ball
1-0: Ball
2-0: Called Strike
2-1: Fly out, F1 (Popup, 15)
Top of the 5th over - 0 run(s), 0 hit(s), 0 error(s), 0 left on base; Las Vegas 0 - Rocky Mountain 3
BOTTOM OF THE 5TH
Rocky Mountain Nuggets batting - Pitching for Las Vegas Flamingos : RHP Melvin Haney
Batting: LHB Javier Sánchez 0-0: SINGLE (Groundball, 4MD)
Batting: RHB Andrés Rodríguez 0-0: Ball
1-0: Called Strike
1-1: Ball
2-1: Ball
3-1: Swinging Strike
3-2: Base on Balls
Javier Sánchez to second
Batting: LHB Randy Bowen 0-0: Called Strike
0-1: Ball
1-1: Grounds into double play, 4-6-3 (Groundball, 4)
Javier Sánchez to third
Batting: RHB Paul Smith 0-0: Called Strike
0-1: Called Strike
0-2: Foul Ball, location: 2F
0-2: Foul Ball, location: 2F
0-2: SINGLE (Groundball, 56D)
Javier Sánchez scores
Batting: RHB Gary Chalmers 0-0: Fly out, F8 (Flyball, 8RD)
Bottom of the 5th over - 1 run(s), 2 hit(s), 0 error(s), 1 left on base; Las Vegas 0 - Rocky Mountain 4
TOP OF THE 6TH
Las Vegas Flamingos batting - Pitching for Rocky Mountain Nuggets : LHP Alfonso Zapata
Now at C: Juan Sánchez
Batting: RHB Edmund Gallagher 0-0: Called Strike
0-1: Foul Ball, location: 2F
0-2: Fly out, F7 (Line Drive, 7S)
Batting: RHB Sake van Arem 0-0: Called Strike
0-1: Ground out 1-3 (Groundball, 15S)
Batting: RHB Jeff Young 0-0: SINGLE (Groundball, 6MD)
Batting: LHB Roberto Salazar 0-0: Ball
1-0: Fly out, F8 (Flyball, 8LS)
Top of the 6th over - 0 run(s), 1 hit(s), 0 error(s), 1 left on base; Las Vegas 0 - Rocky Mountain 4
BOTTOM OF THE 6TH
Rocky Mountain Nuggets batting - Pitching for Las Vegas Flamingos : RHP Melvin Haney
Batting: RHB Javier Martínez 0-0: Ball
1-0: Called Strike
1-1: Foul Ball, location: 2F
1-2: Ball
2-2: Strikes out swinging
Batting: RHB Wes Shannon 0-0: Called Strike
0-1: Ball
1-1: Ball
2-1: Ball
3-1: Fly out, F1 (Popup, 13)
Batting: RHB Mark Melton 0-0: Ball
1-0: Fly out, F5 (Line Drive, 5)
Bottom of the 6th over - 0 run(s), 0 hit(s), 0 error(s), 0 left on base; Las Vegas 0 - Rocky Mountain 4
TOP OF THE 7TH
Las Vegas Flamingos batting - Pitching for Rocky Mountain Nuggets : LHP Alfonso Zapata
Batting: LHB Chris McKinney 0-0: Called Strike
0-1: Foul Ball, location: 2F
0-2: Ball
1-2: Foul Ball, location: 2F
1-2: Fly out, F8 (Flyball, 8RXD)
Batting: RHB John Aston 0-0: Called Strike
0-1: Ground out 5-3 (Groundball, 5S)
Batting: SHB Kunimichi Chikafuji 0-0: Called Strike
0-1: Ball
1-1: Ball
2-1: Fly out, F8 (Flyball, 8LM)
Top of the 7th over - 0 run(s), 0 hit(s), 0 error(s), 0 left on base; Las Vegas 0 - Rocky Mountain 4
BOTTOM OF THE 7TH
Rocky Mountain Nuggets batting - Pitching for Las Vegas Flamingos : RHP Melvin Haney
Batting: RHB Iván Vega 0-0: Called Strike
0-1: Ball
1-1: Ball
2-1: SINGLE (Groundball, 6MS) (infield hit)
Batting: LHB Javier Sánchez 0-0: Ball
1-0: Called Strike
1-1: Ball
2-1: Swinging Strike
2-2: Strikes out swinging
Pitching: RHP Archibald Bridgestone
Batting: RHB Andrés Rodríguez 0-0: Fly out, F6 (Line Drive, 6)
Batting: LHB Randy Bowen 0-0: Ball
1-0: Foul Ball, location: 2F
1-1: Swinging Strike
1-2: SINGLE (Groundball, 4MD)
Iván Vega to second
Iván Vega to third
Batting: RHB Paul Smith 0-0: Ball
1-0: Ground out 5-3 (Groundball, 56S)
Bottom of the 7th over - 0 run(s), 2 hit(s), 0 error(s), 2 left on base; Las Vegas 0 - Rocky Mountain 4
TOP OF THE 8TH
Las Vegas Flamingos batting - Pitching for Rocky Mountain Nuggets : LHP Alfonso Zapata
Batting: RHB Xavier Hernández 0-0: Called Strike
0-1: Called Strike
0-2: SINGLE (Flyball, 3D)
Batting: RHB Rob Thomason 0-0: Called Strike
0-1: Ball
1-1: SINGLE (Groundball, 6S) (infield hit)
Xavier Hernández to second
Batting: RHB Edmund Gallagher 0-0: Called Strike
0-1: Foul Ball, location: 2F
0-2: Ball
1-2: Foul Ball, location: 2F
1-2: Ball
2-2: Ball
3-2: Strikes out swinging
Batting: RHB Sake van Arem 0-0: Called Strike
0-1: SINGLE (Line Drive, 78S)
Xavier Hernández to third
Rob Thomason to second
Batting: RHB Jeff Young 0-0: DOUBLE (Line Drive, 7D)
Xavier Hernández scores
Rob Thomason scores
Sake van Arem to third
Runner from 3rd tries for Home, SAFE, no throw
Batting: LHB Roberto Salazar 0-0: Foul Ball, location: 2F
0-1: Hit by Pitch
Pinch Hitting: LHB Victor Adams 0-0: Swinging Strike
0-1: Swinging Strike
0-2: Foul Ball, location: 2F
0-2: Ball
1-2: Strikes out swinging
Batting: RHB John Aston 0-0: Ball
1-0: Foul Ball, location: 2F
1-1: Foul Ball, location: 2F
1-2: Ball
2-2: Ball
3-2: Ground out 5-3 (Groundball, 56)
Top of the 8th over - 3 run(s), 4 hit(s), 0 error(s), 2 left on base; Las Vegas 3 - Rocky Mountain 4
BOTTOM OF THE 8TH
Rocky Mountain Nuggets batting - Pitching for Las Vegas Flamingos : RHP Archibald Bridgestone
Now in LF: Victor Adams
Batting: SHB Juan Sánchez 0-0: Called Strike
0-1: Ball
1-1: Ball
2-1: Ball
3-1: Foul Ball, location: 2F
3-2: Ground out 2-3 (Groundball, 2L)
Batting: RHB Javier Martínez 0-0: Ball
1-0: Swinging Strike
1-1: Ball
2-1: Called Strike
2-2: Ball
3-2: Base on Balls
Batting: RHB Wes Shannon 0-0: Called Strike
0-1: Fly out, F9 (Flyball, 9LS)
Batting: RHB Mark Melton 0-0: Ball
Javier Martínez is caught stealing 2nd base
Bottom of the 8th over - 0 run(s), 0 hit(s), 0 error(s), 0 left on base; Las Vegas 3 - Rocky Mountain 4
TOP OF THE 9TH
Las Vegas Flamingos batting - Pitching for Rocky Mountain Nuggets : LHP Alfonso Zapata
Batting: SHB Kunimichi Chikafuji 0-0: Ball
1-0: SOLO HOME RUN (Flyball, 8RXD), Distance : 441 ft
Pitching: RHP Jorge Garza
Batting: RHB Xavier Hernández 0-0: Ball
1-0: Ball
2-0: Swinging Strike
2-1: SOLO HOME RUN (Flyball, 7LD), Distance : 361 ft
Batting: RHB Rob Thomason 0-0: Called Strike
0-1: Ball
1-1: Foul Ball, location: 2F
1-2: Strikes out looking
Batting: RHB Edmund Gallagher 0-0: Ball
1-0: Ball
2-0: Ground out 6-3 (Groundball, 6)
Batting: RHB Sake van Arem 0-0: Called Strike
0-1: Ball
1-1: Ball
2-1: Ball
3-1: Swinging Strike
3-2: Foul Ball, location: 2F
3-2: SINGLE (Flyball, 9LS)
Batting: RHB Jeff Young 0-0: Called Strike
0-1: DOUBLE (Line Drive, 9LM)
Sake van Arem to third
Runner from 3rd tries for Home, SAFE, no throw
Batting: LHB Roberto Salazar 0-0: Ball
1-0: Ball
2-0: Ground out U3 (Groundball, 3L)
Top of the 9th over - 3 run(s), 4 hit(s), 0 error(s), 1 left on base; Las Vegas 6 - Rocky Mountain 4
BOTTOM OF THE 9TH
Rocky Mountain Nuggets batting - Pitching for Las Vegas Flamingos : RHP Archibald Bridgestone
Pitching: RHP Enrique García
Batting: RHB Mark Melton 0-0: Called Strike
0-1: Ball
1-1: Ball
2-1: Called Strike
2-2: Strikes out swinging
Batting: RHB Iván Vega 0-0: Called Strike
0-1: Ball
1-1: Swinging Strike
1-2: Ball
2-2: Strikes out swinging
Batting: LHB Javier Sánchez 0-0: Ball
1-0: Ground out 3-1 (Groundball, 34)
Bottom of the 9th over - 0 run(s), 0 hit(s), 0 error(s), 0 left on base; Las Vegas 6 - Rocky Mountain 4
Friday, December 30th, 2016 - OOTP Baseball 17.12 Build 75